Devils vs Sharks

Created - April 18, 2017 at 22:59

Goals
1 2 3 OT1 SO T
Devils 1 0 1 0 1 3
Sharks 1 1 0 0 0 2
Shots
1 2 3 OT1 SO T
Devils 13 8 5 0 5 26
Sharks 17 11 4 3 5 35

1st period

1. Devils , Adam Pardy 2 (Chris Mcallister 18, Dominic Moore 21) at 18:30
2. Sharks , Derek Boogaard 21 (Brad Boyes 31, David Legwand 54) at 19:28

Penalties :
Brad Richardson (NJD) for Goalie Interference (Minor) at 0:43, Mike Komisarek (NJD) for Hooking (Minor) at 10:28, David Legwand (SJS) for Holding (Minor) at 14:05

2nd period

3. Sharks , David Legwand 40 (Derek Boogaard 29, Greg Campbell 14) at 4:47

Penalties :
Erik Cole (SJS) for Slashing (Minor) at 1:08, Lasse Kukkonen (SJS) for Goalie Interference (Minor) at 16:24, Ted Purcell (NJD) for Tripping (Minor) at 19:50

3rd period

4. Devils , Ilya Kovalchuk 46 (Steve Ott 13) at 11:24 (SH)

Penalties :
Matt Duchene (NJD) for Roughing (Minor) at 10:33, Dominic Moore (NJD) for Roughing (Minor) at 11:49

Overtime #1

No Goal

Penalties :
No Penalty

Shootout

Penalty Shot by Ilya Kovalchuk for Devils - Shot Misses the Net
Penalty Shot by Mike Green for Sharks - Shot Misses the Net
Penalty Shot by Ted Purcell for Devils - Stopped by Mike Brodeur
Penalty Shot by Tuomo Ruutu for Sharks - Stopped by Cam Ward
Penalty Shot by Dominic Moore for Devils - Stopped by Mike Brodeur
Penalty Shot by Greg Campbell for Sharks - Stopped by Cam Ward
Penalty Shot by Matt Duchene for Devils - Shot Misses the Net
Penalty Shot by Antoine Vermette for Sharks - Shot Misses the Net
Penalty Shot by Jordan Eberle for Devils - Goal!
Penalty Shot by Derek Boogaard for Sharks - Stopped by Cam Ward

Penalties :
No Penalty

Goalie Stats

Cam Ward (NJD), 33 saves from 35 shots - (0.943), W, 26-29-6, 65:00 minutes
Mike Brodeur (SJS), 24 saves from 26 shots - (0.923), OTL, 8-6-1, 65:00 minutes

Players Stats for Devils

Player Name              G  A  P  +/- PIM S  H  SB GA TA FO     MP     PP MP  PK MP  
------------------------------------------------------------------------------------
Adam Pardy               1  0  1   2  0   2  3  4  0  1  0/0    21:44   2:35   3:43 
Alexandre Burrows        0  0  0   0  0   0  1  0  0  0  0/0     9:46   0:02   0:51 
Anthony Stewart          0  0  0   1  0   0  0  0  0  0  0/0    11:53   0:02   0:00 
Benn Ferriero            0  0  0   0  0   0  0  0  0  0  1/1     6:00   0:00   0:00 
Brad Richardson          0  0  0  -2  2   3  0  0  0  0  1/1    16:03   1:52   0:00 
Brent Seabrook           0  0  0  -2  0   3  2  0  0  0  0/0    27:07   2:35   5:15 
Chris Mcallister         0  1  1   1  0   1  1  0  1  0  0/1    15:28   0:00   5:15 
Dan Boyle                0  0  0   0  0   0  2  3  0  2  0/0    21:23   3:22   0:25 
Dominic Moore            0  1  1   1  2   2  1  0  0  0  8/11   13:09   0:00   4:20 
Ilya Kovalchuk           1  0  1   1  0   4  3  1  3  1  1/4    22:07   4:03   2:19 
Jason Spezza             0  0  0  -2  0   2  1  0  1  0  11/21  17:25   1:52   0:18 
Jordan Eberle            0  0  0   0  0   1  2  0  0  0  1/2    18:50   4:03   0:00 
Karl Alzner              0  0  0   1  0   0  3  3  0  0  0/0    25:01   3:22   3:42 
Kyle Cumiskey            0  0  0   1  0   0  0  1  0  1  0/0    12:43   0:00   0:31 
Matt Duchene             0  0  0   0  2   3  3  1  0  0  7/20   22:05   4:03   1:31 
Mike Komisarek           0  0  0  -2  2   1  2  1  2  0  0/0    22:03   0:00   4:48 
Steve Ott                0  1  1   1  0   1  1  1  0  0  0/2     9:21   0:02   2:19 
Ted Purcell              0  0  0  -2  2   3  1  0  0  0  0/1    17:52   1:52   0:47 

Players Stats for Sharks

Player Name              G  A  P  +/- PIM S  H  SB GA TA FO     MP     PP MP  PK MP  
------------------------------------------------------------------------------------
Andrej Sekera            0  0  0   0  0   1  1  1  0  1  0/0    15:07   0:00   1:59 
Antoine Vermette         0  0  0   0  0   0  2  1  0  0  9/13   18:16   3:56   1:32 
Boris Valabik            0  0  0  -1  0   1  2  0  2  1  0/0    19:41   3:39   1:21 
Brad Boyes               0  1  1   1  0   1  0  0  1  0  1/1    19:41   4:56   0:00 
Cal Clutterbuck          0  0  0   0  0   1  1  1  0  0  0/1    16:07   0:00   3:47 
Damien Brunner           0  0  0   0  0   0  2  0  0  0  0/0    13:06   0:00   1:03 
David Legwand            1  1  2   1  2   6  0  0  0  0  10/25  20:38   4:56   0:00 
Derek Boogaard           1  1  2   1  0   3  2  0  1  0  2/4    19:17   4:56   0:43 
Erik Cole                0  0  0   0  2   1  2  0  0  0  0/0    17:32   3:57   0:49 
Greg Campbell            0  1  1   0  0   4  0  0  0  0  10/17  14:31   0:00   4:00 
Kevin Shattenkirk        0  0  0   1  0   4  0  1  0  2  0/0    27:48   5:33   1:59 
Kim Johnsson             0  0  0   0  0   1  1  1  0  1  0/0    14:41   0:00   0:00 
Lasse Kukkonen           0  0  0  -1  2   1  0  2  0  0  0/0    24:28   3:39   2:37 
Mike Green               0  0  0   1  0   6  0  1  0  1  0/0    29:36   5:33   3:58 
Nick Palmieri            0  0  0  -1  0   0  3  0  0  0  0/0    11:00   0:00   0:00 
Ryane Clowe              0  0  0  -1  0   1  2  0  0  0  0/0    13:44   4:16   0:00 
T.J. Hensick             0  0  0  -1  0   2  0  0  1  1  1/2    10:46   0:00   0:00 
Tuomo Ruutu              0  0  0   0  0   2  1  0  0  0  1/1     8:01   0:39   0:00 

3 Stars

1 - Adam Pardy (NJD)
2 - Derek Boogaard (SJS)
3 - Ilya Kovalchuk (NJD)

Power Play

Devils - 0 on 3 Attempt(s) - 0.00%
Sharks - 0 on 5 Attempt(s) - 0.00%

Penalty Kill

Devils - 5 on 5 Attempt(s) - 100.00% - Score 1 goal in Penalty Kill
Sharks - 3 on 3 Attempt(s) - 100.00% - Score 0 goal in Penalty Kill

Team Stat

Devils - Hits : 26 - Faceoff Wins : 30 - Blocked Shots : 15 - Penalty Minutes : 10
Sharks - Hits : 19 - Faceoff Wins : 34 - Blocked Shots : 8 - Penalty Minutes : 6

Official

Referees : Watson Brad and Rooney Chris
Linesman : Tony Sericolo and Shane Heyer

Game Notes

No Game Note

Finance

Level 1 -- Attendance: 4826 (80.43%) -- Ticket Income $434,340
Level 2 -- Attendance: 3227 (64.54%) -- Ticket Income $193,620
Level 3 -- Attendance: 1360 (68.00%) -- Ticket Income $54,400
Level 4 -- Attendance: 4000 (100.00%) -- Ticket Income $80,000
Luxury Box -- Attendance: 750 (75.00%) -- Ticket Income $135,000
Game was played at the Hockey Place Center.
Total Attendance: 14163 (78.68%)
Total Ticket Income: $897,360
Other Income: $134,604
Total Income: $1,031,964

Devils

5 vs 5 Forward 
   Center                   Left Wing                Right Wing               Time % Phy DF OF 
 1 Matt Duchene             Ilya Kovalchuk           Jordan Eberle            40     0   2  3  
 2 Jason Spezza             Ted Purcell              Brad Richardson          30     0   2  3  
 3 Dominic Moore            Chris Mcallister         Anthony Stewart          20     0   2  3  
 4 Steve Ott                Alexandre Burrows        Benn Ferriero            10     0   2  3  

5 vs 5 Defense 
   Defense                  Defense                                           Time % Phy DF OF 
 1 Brent Seabrook           Mike Komisarek                                    40     1   2  2  
 2 Dan Boyle                Karl Alzner                                       30     1   2  2  
 3 Kyle Cumiskey            Adam Pardy                                        20     1   2  2  
 4 Brent Seabrook           Adam Pardy                                        10     1   2  2  

PowerPlay Forward 
   Center                   Left Wing                Right Wing               Time % Phy DF OF 
 1 Matt Duchene             Ilya Kovalchuk           Jordan Eberle            60     0   1  4  
 2 Jason Spezza             Ted Purcell              Brad Richardson          40     0   1  4  

PowerPlay Defense
   Defense                  Defense                                           Time % Phy DF OF 
 1 Dan Boyle                Karl Alzner                                       60     1   2  2  
 2 Brent Seabrook           Adam Pardy                                        40     1   2  2  

Penalty Kill 4 Players Forward 
   Center                   Wing                     Time % Phy DF OF 
 1 Dominic Moore            Chris Mcallister         60     1   2  2  
 2 Steve Ott                Ilya Kovalchuk           40     1   2  2  

Penalty Kill 4 Players Defense
   Defense                  Defense                  Time % Phy DF OF 
 1 Brent Seabrook           Mike Komisarek           60     1   2  2  
 2 Adam Pardy               Karl Alzner              40     1   2  2  

Penalty Kill - 3 Players Forward 
   Forward                                           Time % Phy DF OF 
 1 Ted Purcell                                       60     1   2  2  
 2 Dominic Moore                                     40     1   2  2  

Penalty Kill - 3 Players Defense
   Defense                  Defense                  Time % Phy DF OF 
 1 Adam Pardy               Mike Komisarek           60     1   2  2  
 2 Mike Komisarek           Kyle Cumiskey            40     1   2  2  

4 vs 4 Forward 
   Center                   Wing                     Time % Phy DF OF 
 1 Jason Spezza             Ted Purcell              60     1   2  2  
 2 Matt Duchene             Ilya Kovalchuk           40     1   2  2  

4 vs 4 Defense
   Defense                  Defense                  Time % Phy DF OF 
 1 Karl Alzner              Brent Seabrook           60     1   2  2  
 2 Mike Komisarek           Dan Boyle                40     1   2  2  

Last Minutes Offensive
   Center                   Left Wing                Right Wing               Defense                  Defense                  
   Jason Spezza             Ilya Kovalchuk           Jordan Eberle            Brent Seabrook           Dan Boyle                

Last Minutes Defensive
   Center                   Left Wing                Right Wing               Defense                  Defense                  
   Jason Spezza             Ilya Kovalchuk           Jordan Eberle            Mike Komisarek           Brent Seabrook           

Goaltenders
Starting : Cam Ward                 
Backup : James Reimer             

Extra Forwards
Normal : Anthony Stewart, Chris Mcallister, Dominic Moore - PP : Matt Duchene, Steve Ott - PK : Chris Mcallister
Extra Defensemen
Normal : Brent Seabrook, Karl Alzner, Adam Pardy - PP : Kyle Cumiskey - PK : Karl Alzner, Brent Seabrook
Penalty Shots
Ilya Kovalchuk, Ted Purcell, Dominic Moore, Matt Duchene, Jordan Eberle

Scratches
Rene Bourque (Sprained Left Finger Injury)

Sharks

5 vs 5 Forward 
   Center                   Left Wing                Right Wing               Time % Phy DF OF 
 1 David Legwand            Derek Boogaard           Brad Boyes               40     2   2  1  
 2 Antoine Vermette         Erik Cole                Damien Brunner           30     2   2  1  
 3 Greg Campbell            Ryane Clowe              Nick Palmieri            20     2   2  1  
 4 T.J. Hensick             Tuomo Ruutu              Cal Clutterbuck          10     2   2  1  

5 vs 5 Defense 
   Defense                  Defense                                           Time % Phy DF OF 
 1 Mike Green               Kevin Shattenkirk                                 40     2   2  1  
 2 Kim Johnsson             Lasse Kukkonen                                    30     2   2  1  
 3 Andrej Sekera            Boris Valabik                                     20     2   2  1  
 4 Mike Green               Kevin Shattenkirk                                 10     2   2  1  

PowerPlay Forward 
   Center                   Left Wing                Right Wing               Time % Phy DF OF 
 1 David Legwand            Derek Boogaard           Brad Boyes               60     2   1  2  
 2 Antoine Vermette         Erik Cole                Ryane Clowe              40     2   1  2  

PowerPlay Defense
   Defense                  Defense                                           Time % Phy DF OF 
 1 Mike Green               Kevin Shattenkirk                                 60     2   1  2  
 2 Boris Valabik            Lasse Kukkonen                                    40     2   1  2  

Penalty Kill 4 Players Forward 
   Center                   Wing                     Time % Phy DF OF 
 1 Greg Campbell            Cal Clutterbuck          60     2   3  0  
 2 Antoine Vermette         Erik Cole                40     2   3  0  

Penalty Kill 4 Players Defense
   Defense                  Defense                  Time % Phy DF OF 
 1 Mike Green               Lasse Kukkonen           60     2   3  0  
 2 Andrej Sekera            Kevin Shattenkirk        40     2   3  0  

Penalty Kill - 3 Players Forward 
   Forward                                           Time % Phy DF OF 
 1 Greg Campbell                                     60     1   4  0  
 2 Erik Cole                                         40     1   4  0  

Penalty Kill - 3 Players Defense
   Defense                  Defense                  Time % Phy DF OF 
 1 Mike Green               Lasse Kukkonen           60     1   4  0  
 2 Andrej Sekera            Kevin Shattenkirk        40     1   4  0  

4 vs 4 Forward 
   Center                   Wing                     Time % Phy DF OF 
 1 David Legwand            Brad Boyes               60     2   2  1  
 2 Antoine Vermette         Erik Cole                40     2   2  1  

4 vs 4 Defense
   Defense                  Defense                  Time % Phy DF OF 
 1 Mike Green               Kevin Shattenkirk        60     2   2  1  
 2 Boris Valabik            Lasse Kukkonen           40     2   2  1  

Last Minutes Offensive
   Center                   Left Wing                Right Wing               Defense                  Defense                  
   David Legwand            Derek Boogaard           Brad Boyes               Mike Green               Kevin Shattenkirk        

Last Minutes Defensive
   Center                   Left Wing                Right Wing               Defense                  Defense                  
   Greg Campbell            Erik Cole                Cal Clutterbuck          Mike Green               Lasse Kukkonen           

Goaltenders
Starting : Mike Brodeur             
Backup : Frederik Andersen        

Extra Forwards
Normal : Cal Clutterbuck, T.J. Hensick, Nick Palmieri - PP : Tuomo Ruutu, Cal Clutterbuck - PK : Damien Brunner
Extra Defensemen
Normal : Andrej Sekera, Boris Valabik, Kim Johnsson - PP : Andrej Sekera - PK : Boris Valabik, Kim Johnsson
Penalty Shots
Mike Green, Tuomo Ruutu, Greg Campbell, Antoine Vermette, Derek Boogaard

Scratches
Mark Streit (Healthy), Martin Erat (Healthy), Oskar Osala (Healthy)

% Time on Ice - Devils

Lines # - Real PCT - Wanted PCT - Time Play
Normal Forward
1 - 38% - 40% - 17:05
2 - 31% - 30% - 13:49
3 - 18% - 20% - 7:57
4 - 13% - 10% - 6:00
Normal Defense
1 - 36% - 40% - 16:13
2 - 35% - 30% - 15:47
3 - 26% - 20% - 11:37
4 - 3% - 10% - 1:14
PP Forward
1 - 69% - 60% - 4:05
2 - 31% - 40% - 1:52
PP Defense
1 - 57% - 60% - 3:22
2 - 43% - 40% - 2:35
PK Forward
1 - 73% - 60% - 6:10
2 - 27% - 40% - 2:19
PK Defense
1 - 68% - 60% - 5:46
2 - 32% - 40% - 2:43
PK3 Forward
1 - 100% - 60% - 0:43
2 - 0% - 40% - 0:00
PK3 Defense
1 - 58% - 60% - 0:25
2 - 42% - 40% - 0:18
44 Forward
1 - 73% - 60% - 3:39
2 - 27% - 40% - 1:21
44 Defense
1 - 54% - 60% - 2:41
2 - 46% - 40% - 2:19
Last Minute Offensive  - 0:00
Last Minute Defensive  - 0:00
Total
Forward - 65:00
Defense - 65:00

% Time on Ice - Sharks

Lines # - Real PCT - Wanted PCT - Time Play
Normal Forward
1 - 33% - 40% - 14:42
2 - 30% - 30% - 13:36
3 - 21% - 20% - 9:12
4 - 16% - 10% - 7:21
Normal Defense
1 - 38% - 40% - 16:53
2 - 36% - 30% - 16:00
3 - 25% - 20% - 11:13
4 - 2% - 10% - 0:45
PP Forward
1 - 54% - 60% - 4:56
2 - 46% - 40% - 4:16
PP Defense
1 - 60% - 60% - 5:33
2 - 40% - 40% - 3:39
PK Forward
1 - 77% - 60% - 4:34
2 - 23% - 40% - 1:23
PK Defense
1 - 67% - 60% - 3:58
2 - 33% - 40% - 1:59
PK3 Forward
1 - 0% - 60%
2 - 0% - 40%
PK3 Defense
1 - 0% - 60%
2 - 0% - 40%
44 Forward
1 - 74% - 60% - 3:41
2 - 26% - 40% - 1:19
44 Defense
1 - 56% - 60% - 2:49
2 - 44% - 40% - 2:11
Last Minute Offensive  - 0:00
Last Minute Defensive  - 0:00
Total
Forward - 65:00
Defense - 65:00

Play by Play

1st period


0:01 of 1st period - David Legwand wins face-off versus Matt Duchene in neutral zone.
0:04 of 1st period - Wrist shot by Mike Green.
0:04 of 1st period - Shot Misses the Net.
0:23 of 1st period - Icing by Mike Green.
0:24 of 1st period - Antoine Vermette wins face-off versus Jason Spezza in Sharks zone.
0:24 of 1st period - Antoine Vermette is hit by Karl Alzner.
0:43 of 1st period - Minor Penalty to Brad Richardson for Goalie Interference.
0:44 of 1st period - Dominic Moore wins face-off versus David Legwand in Devils zone.
2:43 of 1st period - Penalty to Brad Richardson is over, Brad Richardson is back on ice.
3:06 of 1st period - Snap shot by Matt Duchene.
3:06 of 1st period - Shot Blocked by Kim Johnsson.
3:16 of 1st period - Wrist shot by Matt Duchene.
3:16 of 1st period - Shot Blocked by Lasse Kukkonen.
3:34 of 1st period - Slapshot by Brad Richardson.
3:34 of 1st period - Stopped by Mike Brodeur with a rebound.
3:36 of 1st period - Wrist shot by Brad Richardson.
3:36 of 1st period - Stopped by Mike Brodeur with a rebound.
3:46 of 1st period - Snap shot by Brad Richardson.
3:46 of 1st period - Deflect By Matt Duchene.
3:46 of 1st period - Shot Misses the Net.
3:46 of 1st period - Puck is out of play.
3:47 of 1st period - Dominic Moore wins face-off versus David Legwand in Sharks zone.
4:12 of 1st period - Jason Spezza is hit by Andrej Sekera and loses puck.
4:19 of 1st period - Slapshot by Mike Green.
4:19 of 1st period - Stopped by Cam Ward without a rebound.
4:20 of 1st period - Antoine Vermette wins face-off versus Jason Spezza in Devils zone.
4:21 of 1st period - Slapshot by Kevin Shattenkirk.
4:21 of 1st period - Stopped by Cam Ward without a rebound.
4:22 of 1st period - Jason Spezza wins face-off versus Antoine Vermette in Devils zone.
4:57 of 1st period - Snap shot by Derek Boogaard.
4:57 of 1st period - Stopped by Cam Ward without a rebound.
4:58 of 1st period - Matt Duchene wins face-off versus David Legwand in Devils zone.
5:14 of 1st period - Slapshot by Ilya Kovalchuk.
5:14 of 1st period - Deflect By Matt Duchene.
5:14 of 1st period - Shot Misses the Net.
5:14 of 1st period - Puck is out of play.
5:15 of 1st period - Jason Spezza wins face-off versus Greg Campbell in Sharks zone.
5:18 of 1st period - Snap shot by Ted Purcell.
5:18 of 1st period - Shot Misses the Net.
5:24 of 1st period - Wrist shot by Greg Campbell.
5:24 of 1st period - Shot Misses the Net.
5:26 of 1st period - Snap shot by Boris Valabik.
5:26 of 1st period - Stopped by Cam Ward without a rebound.
5:27 of 1st period - David Legwand wins face-off versus Steve Ott in Devils zone.
5:32 of 1st period - Slapshot by Mike Green.
5:32 of 1st period - Stopped by Cam Ward with a rebound.
6:07 of 1st period - Wrist shot by Antoine Vermette.
6:07 of 1st period - Shot Misses the Net.
6:39 of 1st period - Mike Komisarek is hit by Kim Johnsson and loses puck.
7:14 of 1st period - Icing by Brad Boyes.
7:15 of 1st period - David Legwand wins face-off versus Matt Duchene in Sharks zone.
7:27 of 1st period - Snap shot by Antoine Vermette.
7:27 of 1st period - Shot Misses the Net.
7:29 of 1st period - Slapshot by Boris Valabik.
7:29 of 1st period - Shot Blocked by Dan Boyle.
7:55 of 1st period - Snap shot by Ilya Kovalchuk.
7:55 of 1st period - Shot Blocked by Mike Green.
8:03 of 1st period - Snap shot by Matt Duchene.
8:03 of 1st period - Stopped by Mike Brodeur with a rebound.
8:19 of 1st period - Wrist shot by Ilya Kovalchuk.
8:19 of 1st period - Stopped by Mike Brodeur without a rebound.
8:20 of 1st period - Antoine Vermette wins face-off versus Jason Spezza in Sharks zone.
10:06 of 1st period - Wrist shot by David Legwand.
10:06 of 1st period - Stopped by Cam Ward without a rebound.
10:07 of 1st period - Greg Campbell wins face-off versus Matt Duchene in Devils zone.
10:22 of 1st period - Slapshot by Kevin Shattenkirk.
10:22 of 1st period - Stopped by Cam Ward with a rebound.
10:28 of 1st period - Minor Penalty to Mike Komisarek for Hooking.
10:29 of 1st period - David Legwand wins face-off versus Dominic Moore in Devils zone.
10:36 of 1st period - Brent Seabrook is hit by Derek Boogaard.
10:40 of 1st period - Mike Green is hit by Karl Alzner and loses puck.
11:01 of 1st period - Slapshot by Brent Seabrook.
11:01 of 1st period - Deflect By Mike Green.
11:01 of 1st period - Stopped by Mike Brodeur with a rebound.
11:07 of 1st period - Brent Seabrook is hit by Derek Boogaard and loses puck.
11:37 of 1st period - Snap shot by Steve Ott.
11:37 of 1st period - Stopped by Mike Brodeur without a rebound.
11:38 of 1st period - Tuomo Ruutu wins face-off versus Steve Ott in Sharks zone.
12:28 of 1st period - Penalty to Mike Komisarek is over, Mike Komisarek is back on ice.
12:35 of 1st period - Snap shot by T.J. Hensick.
12:35 of 1st period - Shot Misses the Net.
12:37 of 1st period - Wrist shot by Tuomo Ruutu.
12:37 of 1st period - Stopped by Cam Ward with a rebound.
12:39 of 1st period - Wrist shot by Tuomo Ruutu.
12:39 of 1st period - Stopped by Cam Ward without a rebound.
12:40 of 1st period - Greg Campbell wins face-off versus Jason Spezza in Devils zone.
12:45 of 1st period - Snap shot by Ted Purcell.
12:45 of 1st period - Stopped by Mike Brodeur without a rebound.
12:46 of 1st period - Greg Campbell wins face-off versus Ilya Kovalchuk in Sharks zone.
13:13 of 1st period - Kevin Shattenkirk is hit by Dan Boyle.
14:01 of 1st period - Slapshot by Brent Seabrook.
14:01 of 1st period - Stopped by Mike Brodeur without a rebound.
14:02 of 1st period - David Legwand wins face-off versus Matt Duchene in Sharks zone.
14:02 of 1st period - David Legwand is hit by Matt Duchene.
14:05 of 1st period - Minor Penalty to David Legwand for Holding.
14:06 of 1st period - Greg Campbell wins face-off versus Jordan Eberle in Sharks zone.
14:10 of 1st period - Slapshot by Mike Green.
14:10 of 1st period - Deflect By Greg Campbell.
14:10 of 1st period - Shot Blocked by Ilya Kovalchuk.
14:10 of 1st period - Puck is out of play.
14:11 of 1st period - Greg Campbell wins face-off versus Matt Duchene in Devils zone.
14:12 of 1st period - Snap shot by Mike Green.
14:12 of 1st period - Stopped by Cam Ward without a rebound.
14:13 of 1st period - Greg Campbell wins face-off versus Matt Duchene in Devils zone.
14:16 of 1st period - Wrist shot by Greg Campbell.
14:16 of 1st period - Shot Misses the Net.
14:18 of 1st period - Wrist shot by Cal Clutterbuck.
14:18 of 1st period - Shot Blocked by Karl Alzner.
14:28 of 1st period - Slapshot by Matt Duchene.
14:28 of 1st period - Stopped by Mike Brodeur with a rebound.
14:46 of 1st period - Cal Clutterbuck is hit by Ilya Kovalchuk.
16:05 of 1st period - Penalty to David Legwand is over, David Legwand is back on ice.
16:15 of 1st period - Slapshot by Mike Green.
16:15 of 1st period - Shot Blocked by Steve Ott.
16:17 of 1st period - Snap shot by David Legwand.
16:17 of 1st period - Stopped by Cam Ward with a rebound.
16:21 of 1st period - Snap shot by David Legwand.
16:21 of 1st period - Shot Misses the Net.
16:27 of 1st period - Snap shot by David Legwand.
16:27 of 1st period - Shot Blocked by Dan Boyle.
16:35 of 1st period - David Legwand is hit by Alexandre Burrows and loses puck.
17:02 of 1st period - Snap shot by David Legwand.
17:02 of 1st period - Stopped by Cam Ward with a rebound.
17:04 of 1st period - Slapshot by Greg Campbell.
17:04 of 1st period - Stopped by Cam Ward without a rebound.
17:05 of 1st period - Antoine Vermette wins face-off versus Matt Duchene in Devils zone.
17:06 of 1st period - Snap shot by Erik Cole.
17:06 of 1st period - Shot Blocked by Mike Komisarek.
17:08 of 1st period - Slapshot by Andrej Sekera.
17:08 of 1st period - Stopped by Cam Ward without a rebound.
17:09 of 1st period - Jordan Eberle wins face-off versus Antoine Vermette in Devils zone.
17:24 of 1st period - Wrist shot by Erik Cole.
17:24 of 1st period - Stopped by Cam Ward with a rebound.
17:50 of 1st period - Slapshot by Brent Seabrook.
17:50 of 1st period - Deflect By Dominic Moore.
17:50 of 1st period - Stopped by Mike Brodeur without a rebound.
17:51 of 1st period - T.J. Hensick wins face-off versus Chris Mcallister in Sharks zone.
18:26 of 1st period - Slapshot by Chris Mcallister.
18:26 of 1st period - Stopped by Mike Brodeur with a rebound.
18:28 of 1st period - Slapshot by Adam Pardy.
18:28 of 1st period - Shot Misses the Net.
18:30 of 1st period - Slapshot by Adam Pardy.
18:30 of 1st period - Goal by Adam Pardy - Devils : 1 - Sharks : 0.
18:31 of 1st period - Jason Spezza wins face-off versus David Legwand in neutral zone.
18:34 of 1st period - Slapshot by Brent Seabrook.
18:34 of 1st period - Stopped by Mike Brodeur without a rebound.
18:35 of 1st period - Jason Spezza wins face-off versus David Legwand in Sharks zone.
18:49 of 1st period - Icing by Kevin Shattenkirk.
18:50 of 1st period - David Legwand wins face-off versus Ilya Kovalchuk in Sharks zone.
19:08 of 1st period - Icing by Derek Boogaard.
19:09 of 1st period - Jason Spezza wins face-off versus David Legwand in Sharks zone.
19:26 of 1st period - Snap shot by Brad Boyes.
19:26 of 1st period - Shot Misses the Net.
19:28 of 1st period - Slapshot by Derek Boogaard.
19:28 of 1st period - Goal by Derek Boogaard - Devils : 1 - Sharks : 1.
19:29 of 1st period - Derek Boogaard wins face-off versus Jason Spezza in neutral zone.
19:32 of 1st period - Slapshot by Mike Green.
19:32 of 1st period - Deflect By Brad Richardson.
19:32 of 1st period - Stopped by Cam Ward with a rebound.
19:45 of 1st period - Icing by Brad Richardson.
19:46 of 1st period - Antoine Vermette wins face-off versus Jason Spezza in Devils zone.
19:46 of 1st period - Antoine Vermette is hit by Ted Purcell.
Goals for this period are 1 for Devils vs 1 for Sharks.
Shots for this period are 13 for Devils vs 17 for Sharks.

2nd period


0:01 of 2nd period - David Legwand wins face-off versus Matt Duchene in neutral zone.
0:04 of 2nd period - Snap shot by David Legwand.
0:04 of 2nd period - Stopped by Cam Ward without a rebound.
0:05 of 2nd period - Derek Boogaard wins face-off versus Ilya Kovalchuk in Devils zone.
0:08 of 2nd period - Snap shot by Derek Boogaard.
0:08 of 2nd period - Stopped by Cam Ward with a rebound.
0:35 of 2nd period - Slapshot by Brent Seabrook.
0:35 of 2nd period - Shot Misses the Net.
0:37 of 2nd period - Snap shot by Adam Pardy.
0:37 of 2nd period - Shot Misses the Net.
0:39 of 2nd period - Snap shot by Matt Duchene.
0:39 of 2nd period - Shot Misses the Net.
0:47 of 2nd period - Snap shot by Matt Duchene.
0:47 of 2nd period - Stopped by Mike Brodeur without a rebound.
0:48 of 2nd period - Jason Spezza wins face-off versus Antoine Vermette in Sharks zone.
0:49 of 2nd period - Backhand shot by Ted Purcell.
0:49 of 2nd period - Shot Misses the Net.
0:51 of 2nd period - Backhand shot by Brad Richardson.
0:51 of 2nd period - Stopped by Mike Brodeur with a rebound.
0:53 of 2nd period - Snap shot by Jason Spezza.
0:53 of 2nd period - Stopped by Mike Brodeur without a rebound.
0:54 of 2nd period - Antoine Vermette wins face-off versus Jason Spezza in Sharks zone.
1:04 of 2nd period - Wrist shot by Ted Purcell.
1:04 of 2nd period - Stopped by Mike Brodeur without a rebound.
1:05 of 2nd period - Antoine Vermette wins face-off versus Matt Duchene in Sharks zone.
1:05 of 2nd period - Antoine Vermette is hit by Ilya Kovalchuk.
1:08 of 2nd period - Minor Penalty to Erik Cole for Slashing.
1:09 of 2nd period - Greg Campbell wins face-off versus Matt Duchene in Sharks zone.
1:20 of 2nd period - Off-side.
1:21 of 2nd period - Greg Campbell wins face-off versus Matt Duchene in neutral zone.
1:34 of 2nd period - Snap shot by Ilya Kovalchuk.
1:34 of 2nd period - Shot Misses the Net.
1:36 of 2nd period - Slapshot by Karl Alzner.
1:36 of 2nd period - Deflect By Ilya Kovalchuk.
1:36 of 2nd period - Shot Misses the Net.
1:36 of 2nd period - Puck is out of play.
1:37 of 2nd period - Ilya Kovalchuk wins face-off versus Greg Campbell in Sharks zone.
1:58 of 2nd period - Lasse Kukkonen is hit by Jordan Eberle and loses puck.
3:08 of 2nd period - Penalty to Erik Cole is over, Erik Cole is back on ice.
3:13 of 2nd period - Off-side.
3:14 of 2nd period - Dominic Moore wins face-off versus David Legwand in neutral zone.
3:25 of 2nd period - Anthony Stewart is hit by Boris Valabik and loses puck.
4:12 of 2nd period - Slapshot by Mike Green.
4:12 of 2nd period - Stopped by Cam Ward without a rebound.
4:13 of 2nd period - Matt Duchene wins face-off versus Greg Campbell in Devils zone.
4:13 of 2nd period - Matt Duchene is hit by Nick Palmieri.
4:47 of 2nd period - Wrist shot by David Legwand.
4:47 of 2nd period - Goal by David Legwand - Devils : 1 - Sharks : 2.
4:48 of 2nd period - Matt Duchene wins face-off versus Derek Boogaard in neutral zone.
5:22 of 2nd period - Slapshot by Mike Green.
5:22 of 2nd period - Shot Blocked by Karl Alzner.
5:24 of 2nd period - Slapshot by Kim Johnsson.
5:24 of 2nd period - Stopped by Cam Ward without a rebound.
5:25 of 2nd period - Brad Richardson wins face-off versus Greg Campbell in Devils zone.
5:36 of 2nd period - Wrist shot by Greg Campbell.
5:36 of 2nd period - Stopped by Cam Ward with a rebound.
6:35 of 2nd period - Slapshot by Mike Komisarek.
6:35 of 2nd period - Stopped by Mike Brodeur with a rebound.
6:37 of 2nd period - Slapshot by Mike Komisarek.
6:37 of 2nd period - Shot Misses the Net.
7:57 of 2nd period - Wrist shot by Greg Campbell.
7:57 of 2nd period - Stopped by Cam Ward with a rebound.
7:59 of 2nd period - Wrist shot by Greg Campbell.
7:59 of 2nd period - Stopped by Cam Ward with a rebound.
8:33 of 2nd period - Snap shot by Antoine Vermette.
8:33 of 2nd period - Shot Misses the Net.
8:43 of 2nd period - Erik Cole is hit by Dan Boyle and loses puck.
8:58 of 2nd period - Chris Mcallister is hit by Cal Clutterbuck and loses puck.
9:20 of 2nd period - Ryane Clowe is hit by Adam Pardy and loses puck.
9:37 of 2nd period - Greg Campbell is hit by Jordan Eberle and loses puck.
9:57 of 2nd period - Mike Green is hit by Adam Pardy and loses puck.
10:59 of 2nd period - Boris Valabik is hit by Chris Mcallister and loses puck.
12:25 of 2nd period - David Legwand is hit by Adam Pardy and loses puck.
12:35 of 2nd period - Boris Valabik is hit by Brent Seabrook and loses puck.
12:46 of 2nd period - Adam Pardy is hit by Antoine Vermette and loses puck.
12:58 of 2nd period - Wrist shot by Ted Purcell.
12:58 of 2nd period - Shot Hit the Post.
13:38 of 2nd period - Karl Alzner is hit by Ryane Clowe and loses puck.
13:45 of 2nd period - Matt Duchene is hit by Ryane Clowe and loses puck.
14:03 of 2nd period - Greg Campbell is hit by Brent Seabrook and loses puck.
14:12 of 2nd period - Ryane Clowe is hit by Matt Duchene and loses puck.
14:35 of 2nd period - Matt Duchene is hit by Nick Palmieri and loses puck.
14:45 of 2nd period - Icing by Ilya Kovalchuk.
14:46 of 2nd period - David Legwand wins face-off versus Matt Duchene in Devils zone.
14:47 of 2nd period - Slapshot by Brad Boyes.
14:47 of 2nd period - Shot Misses the Net.
14:49 of 2nd period - Slapshot by Mike Green.
14:49 of 2nd period - Shot Blocked by Kyle Cumiskey.
14:51 of 2nd period - Backhand shot by Kevin Shattenkirk.
14:51 of 2nd period - Deflect By Kyle Cumiskey.
14:51 of 2nd period - Stopped by Cam Ward without a rebound.
14:52 of 2nd period - Jason Spezza wins face-off versus David Legwand in Devils zone.
15:27 of 2nd period - Slapshot by Karl Alzner.
15:27 of 2nd period - Shot Blocked by Kevin Shattenkirk.
15:45 of 2nd period - Slapshot by Kevin Shattenkirk.
15:45 of 2nd period - Stopped by Cam Ward without a rebound.
15:46 of 2nd period - Antoine Vermette wins face-off versus Jason Spezza in Devils zone.
16:02 of 2nd period - Icing by Lasse Kukkonen.
16:03 of 2nd period - Antoine Vermette wins face-off versus Dominic Moore in Sharks zone.
16:24 of 2nd period - Minor Penalty to Lasse Kukkonen for Goalie Interference.
16:25 of 2nd period - Matt Duchene wins face-off versus Greg Campbell in Sharks zone.
16:32 of 2nd period - Snap shot by Ilya Kovalchuk.
16:32 of 2nd period - Shot Misses the Net.
16:34 of 2nd period - Slapshot by Karl Alzner.
16:34 of 2nd period - Shot Misses the Net.
16:36 of 2nd period - Slapshot by Jordan Eberle.
16:36 of 2nd period - Stopped by Mike Brodeur without a rebound.
16:37 of 2nd period - Matt Duchene wins face-off versus Greg Campbell in Sharks zone.
16:50 of 2nd period - Snap shot by Jordan Eberle.
16:50 of 2nd period - Shot Blocked by Cal Clutterbuck.
16:52 of 2nd period - Snap shot by Ilya Kovalchuk.
16:52 of 2nd period - Stopped by Mike Brodeur with a rebound.
16:54 of 2nd period - Snap shot by Ilya Kovalchuk.
16:54 of 2nd period - Stopped by Mike Brodeur without a rebound.
16:55 of 2nd period - Greg Campbell wins face-off versus Jason Spezza in Sharks zone.
17:20 of 2nd period - Wrist shot by Jordan Eberle.
17:20 of 2nd period - Deflect By Matt Duchene.
17:20 of 2nd period - Shot Blocked by Antoine Vermette.
17:20 of 2nd period - Puck is out of play.
17:21 of 2nd period - Matt Duchene wins face-off versus Antoine Vermette in Sharks zone.
18:20 of 2nd period - Snap shot by Ilya Kovalchuk.
18:20 of 2nd period - Shot Blocked by Andrej Sekera.
18:24 of 2nd period - Penalty to Lasse Kukkonen is over, Lasse Kukkonen is back on ice.
18:32 of 2nd period - Wrist shot by Kevin Shattenkirk.
18:32 of 2nd period - Shot Blocked by Adam Pardy.
18:34 of 2nd period - Wrist shot by Greg Campbell.
18:34 of 2nd period - Shot Misses the Net.
19:02 of 2nd period - Snap shot by Lasse Kukkonen.
19:02 of 2nd period - Shot Blocked by Adam Pardy.
19:04 of 2nd period - Slapshot by Lasse Kukkonen.
19:04 of 2nd period - Shot Blocked by Adam Pardy.
19:06 of 2nd period - Snap shot by Andrej Sekera.
19:06 of 2nd period - Shot Blocked by Matt Duchene.
19:28 of 2nd period - Snap shot by Lasse Kukkonen.
19:28 of 2nd period - Stopped by Cam Ward without a rebound.
19:29 of 2nd period - Jason Spezza wins face-off versus David Legwand in Devils zone.
19:34 of 2nd period - Wrist shot by David Legwand.
19:34 of 2nd period - Shot Blocked by Dan Boyle.
19:36 of 2nd period - Slapshot by Boris Valabik.
19:36 of 2nd period - Shot Blocked by Karl Alzner.
19:38 of 2nd period - Wrist shot by Brad Boyes.
19:38 of 2nd period - Shot Misses the Net.
19:40 of 2nd period - Wrist shot by David Legwand.
19:40 of 2nd period - Shot Misses the Net.
19:50 of 2nd period - Minor Penalty to Ted Purcell for Tripping.
19:51 of 2nd period - David Legwand wins face-off versus Dominic Moore in Devils zone.
Goals for this period are 0 for Devils vs 1 for Sharks.
Shots for this period are 8 for Devils vs 11 for Sharks.

3rd period


0:01 of 3rd period - Dominic Moore wins face-off versus David Legwand in neutral zone.
0:16 of 3rd period - Backhand shot by David Legwand.
0:16 of 3rd period - Stopped by Cam Ward with a rebound.
1:50 of 3rd period - Penalty to Ted Purcell is over, Ted Purcell is back on ice.
2:00 of 3rd period - Ted Purcell is hit by Tuomo Ruutu and loses puck.
2:14 of 3rd period - Off-side.
2:15 of 3rd period - Matt Duchene wins face-off versus Greg Campbell in neutral zone.
2:40 of 3rd period - Ted Purcell is hit by Damien Brunner and loses puck.
4:33 of 3rd period - Wrist shot by Greg Campbell.
4:33 of 3rd period - Shot Blocked by Adam Pardy.
5:00 of 3rd period - Icing by Ilya Kovalchuk.
5:01 of 3rd period - Benn Ferriero wins face-off versus David Legwand in Devils zone.
5:08 of 3rd period - Kevin Shattenkirk is hit by Steve Ott and loses puck.
5:13 of 3rd period - Wrist shot by Benn Ferriero.
5:13 of 3rd period - Shot Misses the Net.
5:33 of 3rd period - Slapshot by Mike Green.
5:33 of 3rd period - Shot Misses the Net.
5:47 of 3rd period - Snap shot by Greg Campbell.
5:47 of 3rd period - Deflect By Ryane Clowe.
5:47 of 3rd period - Stopped by Cam Ward without a rebound.
5:48 of 3rd period - Greg Campbell wins face-off versus Jason Spezza in Devils zone.
5:57 of 3rd period - Andrej Sekera is hit by Jason Spezza and loses puck.
6:24 of 3rd period - Slapshot by Brad Boyes.
6:24 of 3rd period - Stopped by Cam Ward with a rebound.
7:18 of 3rd period - Snap shot by Jason Spezza.
7:18 of 3rd period - Stopped by Mike Brodeur with a rebound.
8:02 of 3rd period - Boris Valabik is hit by Dominic Moore and loses puck.
8:58 of 3rd period - Snap shot by Jason Spezza.
8:58 of 3rd period - Shot Misses the Net.
9:00 of 3rd period - Slapshot by Adam Pardy.
9:00 of 3rd period - Deflect By Nick Palmieri.
9:00 of 3rd period - Stopped by Mike Brodeur with a rebound.
9:19 of 3rd period - Kyle Cumiskey is hit by Antoine Vermette.
9:25 of 3rd period - Ilya Kovalchuk is hit by Damien Brunner and loses puck.
9:39 of 3rd period - Off-side.
9:40 of 3rd period - Jason Spezza wins face-off versus T.J. Hensick in neutral zone.
10:29 of 3rd period - Wrist shot by Ted Purcell.
10:29 of 3rd period - Stopped by Mike Brodeur without a rebound.
10:30 of 3rd period - Brad Boyes wins face-off versus Matt Duchene in Sharks zone.
10:30 of 3rd period - Brad Boyes is hit by Mike Komisarek.
10:33 of 3rd period - Minor Penalty to Matt Duchene for Roughing.
10:34 of 3rd period - Dominic Moore wins face-off versus David Legwand in Devils zone.
11:05 of 3rd period - Brent Seabrook is hit by Erik Cole and loses puck.
11:24 of 3rd period - Slapshot by Steve Ott.
11:24 of 3rd period - Deflect By Ilya Kovalchuk.
11:24 of 3rd period - Goal by Ilya Kovalchuk - Devils : 2 - Sharks : 2.
11:25 of 3rd period - Dominic Moore wins face-off versus David Legwand in neutral zone.
11:49 of 3rd period - Minor Penalty to Dominic Moore for Roughing.
11:50 of 3rd period - David Legwand wins face-off versus Ted Purcell in Devils zone.
12:01 of 3rd period - Slapshot by Mike Green.
12:01 of 3rd period - Deflect By Adam Pardy.
12:01 of 3rd period - Stopped by Cam Ward with a rebound.
12:33 of 3rd period - Penalty to Matt Duchene is over, Matt Duchene is back on ice.
12:56 of 3rd period - Adam Pardy is hit by Boris Valabik and loses puck.
13:49 of 3rd period - Penalty to Dominic Moore is over, Dominic Moore is back on ice.
14:27 of 3rd period - Brad Richardson is hit by Nick Palmieri and loses puck.
17:32 of 3rd period - David Legwand is hit by Ilya Kovalchuk and loses puck.
19:37 of 3rd period - Icing by T.J. Hensick.
19:38 of 3rd period - Dominic Moore wins face-off versus Derek Boogaard in Sharks zone.
19:41 of 3rd period - Snap shot by Dominic Moore.
19:41 of 3rd period - Stopped by Mike Brodeur without a rebound.
19:42 of 3rd period - Dominic Moore wins face-off versus Cal Clutterbuck in Sharks zone.
Goals for this period are 1 for Devils vs 0 for Sharks.
Shots for this period are 5 for Devils vs 4 for Sharks.

Overtime #1


0:01 of 1st overtime period - Jason Spezza wins face-off versus David Legwand in neutral zone.
0:46 of 1st overtime period - Snap shot by Matt Duchene.
0:46 of 1st overtime period - Shot Blocked by Lasse Kukkonen.
2:09 of 1st overtime period - Erik Cole is hit by Mike Komisarek.
2:13 of 1st overtime period - Dan Boyle is hit by Erik Cole and loses puck.
2:36 of 1st overtime period - Cal Clutterbuck is hit by Karl Alzner and loses puck.
3:03 of 1st overtime period - Lasse Kukkonen is hit by Matt Duchene and loses puck.
3:46 of 1st overtime period - Wrist shot by T.J. Hensick.
3:46 of 1st overtime period - Stopped by Cam Ward with a rebound.
3:48 of 1st overtime period - Slapshot by Andrej Sekera.
3:48 of 1st overtime period - Deflect By Cal Clutterbuck.
3:48 of 1st overtime period - Stopped by Cam Ward with a rebound.
3:50 of 1st overtime period - Backhand shot by T.J. Hensick.
3:50 of 1st overtime period - Stopped by Cam Ward without a rebound.
3:51 of 1st overtime period - Jason Spezza wins face-off versus David Legwand in Devils zone.
Goals for this period are 0 for Devils vs 0 for Sharks.
Shots for this period are 0 for Devils vs 3 for Sharks.

ShootOut


5:00 of 1st overtime period - Penalty Shot by Ilya Kovalchuk for Devils.
5:00 of 1st overtime period - Deke by Ilya Kovalchuk.
5:00 of 1st overtime period - Shot Misses the Net.
5:00 of 1st overtime period - Penalty Shot by Mike Green for Sharks.
5:00 of 1st overtime period - Deke by Mike Green.
5:00 of 1st overtime period - Shot Misses the Net.
5:00 of 1st overtime period - Penalty Shot by Ted Purcell for Devils.
5:00 of 1st overtime period - Snap shot by Ted Purcell.
5:00 of 1st overtime period - Stopped by Mike Brodeur.
5:00 of 1st overtime period - Penalty Shot by Tuomo Ruutu for Sharks.
5:00 of 1st overtime period - Backhand shot by Tuomo Ruutu.
5:00 of 1st overtime period - Stopped by Cam Ward.
5:00 of 1st overtime period - Penalty Shot by Dominic Moore for Devils.
5:00 of 1st overtime period - Wrist shot by Dominic Moore.
5:00 of 1st overtime period - Stopped by Mike Brodeur.
5:00 of 1st overtime period - Penalty Shot by Greg Campbell for Sharks.
5:00 of 1st overtime period - Wrist shot by Greg Campbell.
5:00 of 1st overtime period - Stopped by Cam Ward.
5:00 of 1st overtime period - Penalty Shot by Matt Duchene for Devils.
5:00 of 1st overtime period - Deke by Matt Duchene.
5:00 of 1st overtime period - Shot Misses the Net.
5:00 of 1st overtime period - Penalty Shot by Antoine Vermette for Sharks.
5:00 of 1st overtime period - Deke by Antoine Vermette.
5:00 of 1st overtime period - Shot Misses the Net.
5:00 of 1st overtime period - Penalty Shot by Jordan Eberle for Devils.
5:00 of 1st overtime period - Wrist shot by Jordan Eberle.
5:00 of 1st overtime period - Goal by Jordan Eberle.
5:00 of 1st overtime period - Penalty Shot by Derek Boogaard for Sharks.
5:00 of 1st overtime period - Deke by Derek Boogaard.
5:00 of 1st overtime period - Stopped by Cam Ward.